Description

Replay - Harstem v SpeCial: Game 2 - New Repugnancy LE

Build Order

Get SALT Encoding   

  12  0:00  SCV  
  13  0:12  SCV  
  14  0:17  Supply Depot  
  14  0:24  SCV  
  15  0:38  SCV  
  15  0:40  Barracks  
  16  0:43  Refinery  
  16  0:51  SCV  
  17  0:59  Barracks  
  17  1:03  SCV  
  18  1:15  SCV  
  19  1:28  Reaper, Orbital Command  
  20  1:41  Supply Depot  
  20  1:46  Reaper  
  21  1:54  SCV  
  22  2:02  Reaper  
  22  2:06  SCV  
  24  2:14  Command Center  
  24  2:18  SCV  
  24  2:20  Reaper  
  26  2:23  Refinery  
  27  2:41  Reaper  
  29  2:50  Supply Depot  
  30  3:04  Factory  
  31  3:13  Barracks Reactor  
  31  3:15  Barracks Tech Lab  
  32  3:27  Orbital Command  
  33  3:37  Marine  
  34  3:47  Supply Depot  
  35  3:48  Factory Tech Lab  
  35  3:50  Marine x3  
  35  3:53  Starport  
  40  4:08  Marine x3  
  43  4:12  Siege Tank  
  43  4:16  Supply Depot  
  49  4:25  Marine x3, Stimpack  
  49  4:29  Engineering Bay  
  53  4:39  Refinery  
  53  4:44  Siege Tank  
  61  4:57  Barracks  
  63  5:01  Medivac  
  69  5:14  Refinery  
  69  5:17  Terran Infantry Weapons Level 1  
  74  5:34  Factory Reactor  
  74  5:38  Starport Reactor  
  78  6:02  Combat Shield  
  78  6:05  Command Center  
  78  6:12  Marauder  
  82  6:19  Medivac x2  
  82  6:20  Widow Mine x2  
  92  6:30  Marauder  
  94  6:33  Missile Turret  
  94  6:38  Concussive Shells  
  96  6:41  Widow Mine x2  
  96  6:43  Barracks x2  
  102  6:54  Marauder x2  
  110  7:05  Widow Mine x2  
  110  7:07  Medivac x2  
  118  7:14  Terran Infantry Armor Level 1  
  118  7:17  Missile Turret  
  118  7:18  Orbital Command  
  121  7:25  Liberator  
  123  7:31  Liberator, Barracks Reactor  
  123  7:35  Marauder x2, Barracks Tech Lab  
  128  7:39  Widow Mine x2  
  138  8:00  Marauder x3  
  137  8:09  Liberator  
  135  8:21  Ghost Academy  
  148  8:49  Refinery x2  
  149  8:59  Ghost x3  
  157  9:12  Widow Mine  
  147  9:20  Widow Mine, Liberator  
  152  9:27  Ghost  
  152  9:28  Marauder  
  166  9:49  Ghost  
Spawning Tool Build Advisor. Get it on Overwolf

Analysis

Go to:

Details

  • Created by: Rey40fp
  • Published on: Sep 03, 2019
  • Modified on: Sep 03, 2019
  • Patch: 4.7.1
Show
View Real Time Build Order
Export as new Build Order

Comments (0)

There are no comments. Be the first!

Create an account to comment!